 Dungeon Crawl Stone Soup version 0.32-a0 (webtiles) character file.

Game seed: 7429236361238584782

2365 Conn the Sneak (level 9, -2/56 HPs)
             Began as an Octopode Fire Elementalist on Jan 13, 2024.
             Slain by a killer bee (9 damage)
             ... on level 6 of the Dungeon.
             The game lasted 00:20:19 (7632 turns).

Conn the Sneak (Octopode Fire Elementalist)         Turns: 7632, Time: 00:20:19

Health: -2/56      AC:  1    Str:  6 (7)  XL:     9   Next: 44%
Magic:  11/16      EV: 13    Int: 25 (28) God:
Gold:   313        SH:  0    Dex:  9 (12) Spells: 2/18 levels left

rFire   . . .        b - staff of alchemy
rCold   . . .        (no shield)
rNeg    + . .        (helmet restricted)
rPois   +            (no amulet)
rElec   .            d - +6 ring of intelligence
rCorr   .            h - ring of flight
SInv    .            n - ring of positive energy
Will    .....        (no ring)
Stlth   ++++         (no ring)
HPRegen 0.29/turn    (no ring)
MPRegen 0.15/turn    (no ring)
                     (no ring)

%: clarity
@: weak-willed, on berserk cooldown, unable to call your familiar, flying,
hasted and slowed, studying Short Blades
A: almost no armour, amphibious, 8 rings, camouflage 1, gelatinous body 1,
(nimble swimmer 1), tentacles, clarity, persistent drain
a: no special abilities


You were on level 6 of the Dungeon.
You visited 1 branch of the dungeon, and saw 6 of its levels.

You collected 313 gold pieces.

Inventory:

Hand Weapons
 a - a +4 falchion
 e - a +0 spear
 A - a +0 rapier
Missiles
 p - 8 poisoned darts
 y - 3 javelins
Armour
 q - a +0 buckler
Magical Staves
 b - a staff of alchemy (weapon)
Jewellery
 d - a +6 ring of intelligence (left tentacle)
 h - a ring of flight (right tentacle)
 n - a ring of positive energy (on tentacle)
Wands
 t - a wand of charming (3)
 w - a wand of flame (9)
 C - a wand of digging (6)
Scrolls
 g - 2 scrolls of amnesia
 j - a scroll of poison
 k - a scroll of torment
 l - a scroll of blinking
 o - 3 scrolls of teleportation
 s - a scroll of silence
Potions
 c - 6 potions of curing
 f - a potion of magic
 i - a potion of resistance
 m - a potion of lignification
 u - a potion of degeneration
 v - a potion of haste
 x - a potion of attraction {unknown}
 z - a potion of enlightenment {unknown}
 B - a potion of ambrosia


   Skills:
 + Level 3.0 Fighting
 - Level 4.1 Short Blades
 + Level 4.3 Dodging
 + Level 6.3 Stealth
 + Level 2.2 Shields
 + Level 5.2 Spellcasting
 + Level 5.4 Conjurations
 + Level 3.2 Hexes
 * Level 0.3 Summonings
 + Level 4.8 Fire Magic
 + Level 1.6 Air Magic
 + Level 1.7 Alchemy


You had 2 spell levels left.
You knew the following spells:

 Your Spells              Type           Power      Damage    Failure   Level
a - Foxfire               Conj/Fire      100%       2x1d9     1%          1
b - Scorch                Fire           60%        2d7       1%          2
c - Inner Flame           Hex/Fire       26%        N/A       4%          3
d - Flame Wave            Conj/Fire      32%        2d9       10%         4
e - Mephitic Cloud        Conj/Alch/Air  31%        N/A       7%          3
f - Call Canine Familiar  Summ           8%         N/A       22%         3

Your spell library contained the following spells:

 Spells                   Type           Power      Damage    Failure   Level
 Jinxbite                 Hex            44%        N/A       3%          2
 Mercury Vapours          Alch/Air       44%        N/A       6%          2
 Apportation              Tloc           12%        N/A       9%          1
 Sublimation of Blood     Necr           6%         N/A       12%         2
 Sigil of Binding         Hex            22%        N/A       6%          3
 Volatile Blastmotes      Fire/Tloc      36%        2d13      9%          3
 Summon Blazeheart Golem  Fire/Summ      19%        N/A       28%         4
 Dimensional Bullseye     Hex/Tloc       7%         N/A       38%         4
 Irradiate                Conj/Alch      18%        3d17      45%         5
 Petrify                  Alch/Erth      16%        N/A       50%         4
 Passage of Golubria      Tloc           6%         N/A       63%         4
 Silence                  Hex/Air        9%         N/A       63%         5
 Freezing Cloud           Conj/Ice/Air   9%         6-21      65%         5
 Alistair's Intoxication  Alch           15%        N/A       71%         5
 Summon Cactus Giant      Summ           4%         N/A       100%        6
 Orb of Destruction       Conj           16%        9d7       100%        7
 Spellforged Servitor     Conj/Summ      10%        N/A       100%        7
 Lehudib's Crystal Spear  Conj/Erth      10%        10d4      100%        8


Dungeon Overview and Level Annotations

Branches:
Dungeon (6/15)
 Temple: D:4-7

Altars:
Ashenzari
Dithmenos
Elyvilon
Makhleb
Trog
Uskayaw
Wu Jian
Xom

Shops:
D:1 (   D:4 [**

Annotations:
D:6 1 transporter


Innate Abilities, Weirdness & Mutations

You cannot wear most types of armour.
You are amphibious.
You can wear up to eight rings at the same time.
Your skin changes colour to match your surroundings (Stealth+).
Your rubbery body absorbs attacks. (AC +1, EV +1)
((You are camouflaged when in or above water. (Stealth+)))
You have tentacles for arms and can constrict up to eight enemies at once.
You possess an exceptional clarity of mind.
Your health recovers twice as slowly from being drained.


Message History

The killer bee completely misses you.
Unknown command.
You hit iamserjio's ghost but do no damage.
Iamserjio's ghost is almost destroyed.
You feel sick. The killer bee barely misses you.
Iamserjio's ghost barely misses you. The killer bee stings you.
Unknown command.
You hit iamserjio's ghost.
You destroy iamserjio's ghost!
You feel sick. The killer bee closely misses you. The killer bee stings you!
* * * LOW HITPOINT WARNING * * *
The killer bee barely misses you. x2; The killer bee stings you.
* * * LOW HITPOINT WARNING * * *
Unknown command.
Unknown command.
Unknown command.
You feel sick.
The killer bee attacks as it pursues you!
The killer bee closely misses you. x2
Unknown command.
You feel a strong urge to attack something.
Unknown command.
Found a potion of ambrosia.
You are no longer berserk.
You are exhausted.
You feel yourself slow down.
You feel sick.
You are no longer poisoned.
The killer bee misses you. The killer bee barely misses you.
The killer bee stings you but does no damage.
The killer bee closely misses you.
Unknown command.
Okay, then.
Blink to where?
Press: ? - help, Dir - move target
As you read the scroll of blinking, it crumbles to dust.
Okay, then.
Unknown command.
Unknown command.
The killer bee stings you!
You die...

...........##..#########..#
##..<###....(.###.###§###.# ###.#
###.##.##...#y!.##.#
####5#####.##.##.#.#y#.##.#
...........##.##y.$#y.y##)#
####.######...#.#.#.#.#$#.#######
.....## #.#.#[.#yyy#..#........
...[.<#####..©#©?#.#.#.©#©.######
###.........#.#[@#!..#..#.##
#.#.#######.#?#y#.#.#.#.#
#.#.........##...#...##.#
#...........####.###.##.#
#########.#.##?..#...##.#
#.#.###.###y###.#
#..[.#########..#
##....###.###..## ##.#.........##


You could see a killer bee.

Vanquished Creatures
  Pikel (D:6)
  The ghost of iamserjio the Ruffian, an amateur VSMo (D:6)
  An ice beast (D:6)
  An orc warrior (D:5)
  2 ogres
  4 lemures
  A bullfrog (D:5)
  4 scorpions
  4 wights (D:6)
  A howler monkey (D:5)
  4 bombardier beetles
  3 hounds
  3 orc priests
  A gnoll bouda (D:4)
  4 iguanas
  A sleepcap (D:5)
  Natasha (thrice) (D:4)
  4 orc wizards
  8 adders
  11 gnolls
  2 ufetubi (D:5)
  3 dart slugs
  18 orcs
  7 bats
  4 endoplasms
  5 giant cockroaches
  8 goblins
  8 hobgoblins
  2 quokkas
  6 ball pythons
  A frilled lizard (D:3)
  6 kobolds
  3 rats
135 creatures vanquished.

Vanquished Creatures (others)
  415 foxfires
415 creatures vanquished.

Grand Total: 550 creatures vanquished

Notes
Turn   | Place    | Note
-------+----------+-------------------------------------------
     0 | D:1      | Conn the Octopode Fire Elementalist began the quest for the
                  | Orb.
     0 | D:1      | Reached XP level 1. HP: 11/11 MP: 3/3
   110 | D:1      | Reached XP level 2. HP: 17/17 MP: 0/5
   120 | D:1      | Reached skill level 3 in Stealth
   226 | D:1      | Found Wolonipt's Weapon Emporium.
   299 | D:1      | Learned a level 2 spell: Scorch
   436 | D:1      | Found a faded altar of an unknown god.
   640 | D:1      | Reached XP level 3. HP: 20/21 MP: 6/6
  1057 | D:1      | Learned a level 3 spell: Inner Flame
  1345 | D:2      | Found a shimmering altar of Xom.
  1484 | D:2      | Reached XP level 4. HP: 27/27 MP: 3/7
  1758 | D:2      | Identified the +2 leather armour of Calculation {rPois
                  | rCorr Str-5 Stlth+}
  2528 | D:3      | Reached XP level 5. HP: 31/31 MP: 3/9
  3217 | D:4      | Reached skill level 4 in Stealth
  3419 | D:4      | Reached skill level 1 in Hexes
  3544 | D:4      | Reached XP level 6. HP: 36/36 MP: 1/10
  4025 | D:4      | Reached skill level 1 in Short Blades
  4033 | D:4      | Noticed Natasha
  4035 | D:4      | Killed Natasha
  4121 | D:4      | Noticed Natasha
  4125 | D:4      | Killed Natasha
  4176 | D:4      | Noticed Natasha
  4180 | D:4      | Killed Natasha
  4280 | D:4      | Found Lorchips's Antique Armour Shop.
  4362 | D:4      | Found Irirusasu's Specific Store.
  4364 | D:4      | Found Loschuf's General Store.
  4375 | D:4      | Gained mutation: One of your tentacles bears a spike.
                  | [potion of mutation]
  4375 | D:4      | Gained mutation: You are weak. (Str -2) [potion of
                  | mutation]
  4375 | D:4      | Gained mutation: One of your tentacles bears a nasty spike.
                  | [potion of mutation]
  4376 | D:4      | Lost mutation: One of your tentacles bears a nasty spike.
                  | [potion of mutation]
  4376 | D:4      | Lost mutation: One of your tentacles bears a spike. [potion
                  | of mutation]
  4376 | D:4      | Lost mutation: You are weak. (Str -2) [potion of mutation]
  4376 | D:4      | Gained mutation: You possess an exceptional clarity of
                  | mind. [potion of mutation]
  4376 | D:4      | Gained mutation: Your health recovers twice as slowly from
                  | being drained. [potion of mutation]
  4466 | D:5      | Entered Level 5 of the Dungeon
  4486 | D:5      | Reached skill level 1 in Fighting
  4486 | D:5      | Reached XP level 7. HP: 43/43 MP: 3/12
  4694 | D:5      | Reached skill level 5 in Stealth
  4820 | D:5      | Found an ornate altar of the Wu Jian Council.
  5247 | D:5      | Found a broken altar of Ashenzari.
  5248 | D:5      | Found a shadowy altar of Dithmenos.
  5254 | D:5      | Found a burning altar of Makhleb.
  5560 | D:5      | Reached XP level 8. HP: 43/49 MP: 8/14
  5989 | D:5      | Reached skill level 1 in Shields
  6290 | D:6      | Found a transporter.
  6291 | D:6      | Noticed iamserjio's ghost (amateur VSMo)
  6294 | D:6      | Noticed Pikel
  6603 | D:6      | Found a hide-covered altar of Uskayaw.
  6609 | D:6      | Learned a level 4 spell: Flame Wave
  6613 | D:6      | Learned a level 3 spell: Mephitic Cloud
  6943 | D:6      | Killed Pikel
  6944 | D:6      | Reached skill level 6 in Stealth
  6944 | D:6      | Reached skill level 5 in Conjurations
  6944 | D:6      | Reached skill level 1 in Air Magic
  6944 | D:6      | Reached skill level 1 in Alchemy
  6944 | D:6      | Reached XP level 9. HP: 34/55 MP: 6/16
  6948 | D:6      | Reached skill level 5 in Spellcasting
  7073 | D:6      | Found a bloodstained altar of Trog.
  7075 | D:6      | Found a white marble altar of Elyvilon.
  7575 | D:6      | Found a transporter.
  7608 | D:6      | Learned a level 3 spell: Call Canine Familiar
  7626 | D:6      | Killed iamserjio's ghost
  7632 | D:6      | Slain by a killer bee

Illustrated notes

Levels and vault maps discovered:
D:1:      scummos_arrival_hexagon, layout_basic,
          ebering_ecumenical_altar_sacrificial, serial_shops,
          nicolae_shop_back_alley_shop
D:2:      layout_loops_ring, basic_altar
D:3:      minmay_angry_zag, layout_loops_corners, grunt_ministairs_6,
          minmay_misc_feat_chi
D:4:      layout_basic, serial_shops, shop, nicolae_specific_store,
          grunt_decor_fettered, minmay_crystal_water, minmay_manual_macuahuitl,
          uniq_natasha
D:5:      layout_layer_cave, pdpol_wu_jian_five_deadly_venoms,
          grunt_temple_overflow_open, chequers_serial_rivers_small_a
D:6:      layout_loops_ring, lemuel_crystal_altar, jmf_multi_god_temple,
          minmay_temple_entry_metal_lava, gammafunk_ghost_hive, uniq_pikel

Skill      XL: |  1  2  3  4  5  6  7  8  9 |
---------------+----------------------------+-----
Stealth        | 3 4 5 6 |  6.3
Conjurations   | 2 3 4 5 |  5.4
Spellcasting   | 3 4 5 |  5.2
Hexes          | 1 2 3 |  3.2
Dodging        | 3 4 |  4.3
Short Blades   | 1 2 4 |  4.1
Fighting       | 1 2 3 |  3.0
Fire Magic     | 4 |  4.8
Shields        | 1 2 |  2.2
Air Magic      | 1 |  1.6
Alchemy        | 1 |  1.7
Summonings     | |  0.3

Action                     |  1- 3 |  4- 6 |  7- 9 || total
---------------------------+-------+-------+-------++-------
  Melee: Unarmed           |     6 |       |       ||     6
         Constrict         |     2 |     4 |     8 ||    14
         Tentacles         |     2 |     3 |     5 ||    10
         Spear             |     3 |     8 |       ||    11
         Rapier            |       |     3 |       ||     3
         Staff             |       |     1 |    27 ||    28
         Punch             |       |     1 |     2 ||     3
   Cast: Foxfire           |    59 |    90 |    95 ||   244
         Scorch            |     3 |    15 |    24 ||    42
         Inner Flame       |       |     4 |    16 ||    20
         Flame Wave        |       |       |     2 ||     2
         Call Canine Famil |       |       |     1 ||     1
    Use: Scroll            |       |     4 |     7 ||    11
         Potion            |       |     3 |     3 ||     6
   Stab: Sleeping          |       |     3 |       ||     3
 Armour: Skin              |     9 |    19 |    48 ||    76
  Dodge: Dodged            |     6 |    19 |    48 ||    73

Table legend: (Time is in decaauts)
 A = Elapsed time spent in this place.
 B = Non-inter-level travel time spent in this place.
 C = Inter-level travel time spent in this place.
 D = Time resting spent in this place.
 E = Time spent auto-exploring this place.
 F = Levels seen in this place.
 G = Mean time per level.
                   A        B        C        D        E       F      G
               +--------+--------+--------+--------+--------+-----+--------+
         Total |   7632 |   7467 |    165 |    633 |   5260 |   6 | 1272.0 |
       Dungeon |   7632 |   7467 |    165 |    633 |   5260 |   6 | 1272.0 |
               +--------+--------+--------+--------+--------+-----+--------+

Top non-repeatable levels by time:
     D:5: 2107 daAuts
     D:4: 1349 daAuts
     D:3: 1172 daAuts
     D:1: 1078 daAuts
     D:6: 980 daAuts
     D:2: 945 daAuts
